 Dungeon Crawl Stone Soup version 0.29.1-15-g9cfb28693d (webtiles) character file.

Game seed: 4415833856280722401

380 Artool the Trooper (level 6, -6/50 HPs)
             Began as a Demonspawn Fighter on Apr 11, 2023.
             Mangled by Crazy Yiuf
             ... wielding a +4 quarterstaff of chaos
              (14 damage)
             ... on level 3 of the Dungeon.
             The game lasted 00:03:12 (3662 turns).

Artool the Trooper (Demonspawn Fighter)             Turns: 3662, Time: 00:03:12

Health: -6/50      AC:  8    Str: 18    XL:     6   Next: 46%
Magic:  6/6        EV:  9    Int:  9    God:
Gold:   149        SH:  4    Dex: 13    Spells: 5/5 levels left

rFire   . . .      SeeInvis .   a - +0 flail
rCold   . . .      Faith    .   c - +0 buckler
rNeg    . . .      Spirit   .   b - +0 scale mail
rPois   .          Reflect  .   (helmet restricted)
rElec   .          Harm     .   n - +0 cloak
rCorr   .          Rampage  .   (no gloves)
Will    .....                   (no boots)
Stlth   ..........              (no amulet)
HPRegen 0.16/turn               (no ring)
MPRegen 0.10/turn               (no ring)

@: invisible
A: horns 1, ignite blood 1, sturdy frame 1, demonic magic 1
a: no special abilities


You were on level 3 of the Dungeon.
You visited 1 branch of the dungeon, and saw 3 of its levels.

You collected 149 gold pieces.

Inventory:

Hand Weapons
 a - a +0 flail (weapon)
Armour
 b - a +0 scale mail (worn)
 c - a +0 buckler (worn)
 k - a +0 helmet
 n - a +0 cloak (worn)
Jewellery
 q - a ring of wizardry
Wands
 m - a wand of flame (22)
Scrolls
 e - 2 scrolls of poison {unknown}
 f - 3 scrolls of silence {unknown}
 h - a scroll of butterflies {unknown}
 i - 3 scrolls of identify {unknown}
 j - 3 scrolls of teleportation {unknown}
 r - a scroll of noise {unknown}
 s - a scroll of magic mapping {unknown}
 t - a scroll of immolation {unknown}
Potions
 d - 2 potions of might
 g - a potion of flight {unknown}
 l - a potion of ambrosia {unknown}
 o - a potion of degeneration {unknown}
 p - a potion of curing {unknown}
 u - a potion of heal wounds {unknown}


   Skills:
 + Level 4.8 Fighting
 + Level 3.8 Maces & Flails
 + Level 4.3 Armour
 - Level 3.0 Shields


You had 5 spell levels left.
You didn't know any spells.
Your spell library was empty.

Dungeon Overview and Level Annotations

Branches:
Dungeon (3/15)

Altars:
Ashenzari

Annotations:
D:3 Crazy Yiuf


Innate Abilities, Weirdness & Mutations

You have a pair of small horns on your head.
Your demonic aura sometimes causes spilled blood to erupt in flames.
Your movements are slightly less encumbered by armour. (ER -2)
Spells you cast may paralyse adjacent enemies.


Message History

Things that are here:
a +0 dagger; a +0 robe Key pressed, stopping explore.
No target in view!
There is a stone staircase leading up here.
You see here a quokka skeleton.
Crazy Yiuf shouts!
Key pressed, stopping explore.
No target in view!
No target in view!
No reachable target in view!
Could not explore, unopened runed door.
No reachable target in view!
Could not explore, unopened runed door.
No reachable target in view!
Could not explore, unopened runed door.
No reachable target in view!
Could not explore, unopened runed door.
You open the door. You barely miss Crazy Yiuf.
Crazy Yiuf hits you with a +4 quarterstaff of chaos!
You are electrocuted!
You barely miss Crazy Yiuf. You block Crazy Yiuf's attack.
Crazy Yiuf hits you with a +4 quarterstaff of chaos.
Crazy Yiuf burns you.
You barely miss Crazy Yiuf. Crazy Yiuf closely misses you.
You barely miss Crazy Yiuf.
Crazy Yiuf screams, "Mama eyeball leg!"
Crazy Yiuf hits you with a +4 quarterstaff of chaos!
You barely miss Crazy Yiuf.
Crazy Yiuf hits you with a +4 quarterstaff of chaos.
* * * LOW HITPOINT WARNING * * *
You fade into invisibility!
Crazy Yiuf says, "Aardvark foot pizzabubble!"
Crazy Yiuf hits you with a +4 quarterstaff of chaos.
* * * LOW HITPOINT WARNING * * *
You hit Crazy Yiuf. You headbutt Crazy Yiuf.
Crazy Yiuf is moderately wounded.
Crazy Yiuf hits you with a +4 quarterstaff of chaos!
You die...

##..####..##
########..##
#....#
.........###
#....#
....####...#
#...##
...#####...#
##.##
..........>#
#.##
##.####.>..#
##.#
#.<.......#
#.##
##.....÷...#
##@#
....÷......#
#g#
.##.###....#
...
...........#
#...#
...........#
#..)#
#####.#.#..#
#####
#.#....#
#####......#
####
...........#
#..#


You could see Crazy Yiuf (unable to see you).

Vanquished Creatures
  Sigmund (D:3)
  A vampire bat (D:3)
  Jessica (D:3)
  2 iguanas (D:3)
  2 adders
  3 worms
  3 dart slugs
  3 orcs (D:3)
  7 ball pythons
  13 bats
  7 endoplasms
  3 giant cockroaches
  7 goblins
  3 hobgoblins
  4 kobolds
  5 quokkas
  3 frilled lizards
  8 rats
76 creatures vanquished.

Notes
Turn   | Place    | Note
-------+----------+-------------------------------------------
     0 | D:1      | Artool the Demonspawn Fighter began the quest for the Orb.
     0 | D:1      | Reached XP level 1. HP: 18/18 MP: 1/1
   337 | D:1      | Gained mutation: Your demonic aura sometimes causes spilled
                  | blood to erupt in flames. [demonic ancestry]
   337 | D:1      | Reached XP level 2. HP: 23/24 MP: 2/2
  1062 | D:2      | Reached XP level 3. HP: 29/29 MP: 3/3
  2205 | D:3      | Gained mutation: Your movements are slightly less
                  | encumbered by armour. (ER -2) [demonic ancestry]
  2205 | D:3      | Reached XP level 4. HP: 20/36 MP: 4/4
  2697 | D:3      | Gained mutation: Spells you cast may paralyse adjacent
                  | enemies. [demonic ancestry]
  2697 | D:3      | Reached XP level 5. HP: 27/42 MP: 5/5
  2857 | D:3      | Found a broken altar of Ashenzari.
  2918 | D:3      | Found a faded altar of an unknown god.
  3047 | D:3      | Noticed Sigmund
  3056 | D:3      | Killed Sigmund
  3057 | D:3      | Gained mutation: You have a pair of small horns on your
                  | head. [demonic ancestry]
  3057 | D:3      | Reached XP level 6. HP: 30/49 MP: 6/6
  3403 | D:3      | Found a runed translucent door.
  3404 | D:3      | Noticed Crazy Yiuf
  3456 | D:3      | Noticed Jessica
  3458 | D:3      | Killed Jessica
  3662 | D:3      | Mangled by Crazy Yiuf

Illustrated notes

Levels and vault maps discovered:
D:1:      co_arrival_two_rings, layout_basic
D:2:      layout_basic, grunt_ministairs_7
D:3:      layout_loops_ring, nicolae_ashenzari_skybound,
          ebering_ecumenical_altar_hall, roderic_batcave,
          dreamdust_wishing_well, guppyfry_early_orc_mine,
          uniq_crazy_yiuf_cottage, uniq_jessica, uniq_sigmund

Skill      XL: |  1  2  3  4  5 |
---------------+----------------+-----
Maces & Flails | 2 3 |  3.8
Shields        | 3 |  3.0
Armour         | 3 4 |  4.3
Fighting       | 4 |  4.8

Action                   |  1- 3 |  4- 6 || total
-------------------------+-------+-------++-------
Melee: Flail             |   125 |   107 ||   232
       Headbutt          |       |     2 ||     2
Armor: Scale mail        |    83 |    64 ||   147
Dodge: Dodged            |    54 |    66 ||   120
Block: Buckler           |    34 |    38 ||    72
